 Dungeon Crawl Stone Soup version 0.32-a0-119-g2e8054a333 (webtiles) character file.

Game seed: 9603440868841582448

2509 Omnath the Mimic (level 9, 0/80 HPs)
             Began as a Naga Brigand on Feb 7, 2024.
             Was a Believer of Cheibriados.
             Killed from afar by a steam dragon (6 damage)
             ... with a ball of steam
             ... on level 8 of the Dungeon.
             The game lasted 00:12:28 (8600 turns).

Omnath the Mimic (Naga Brigand)                     Turns: 8600, Time: 00:12:29

Health: 0/80       AC:  5    Str: 18    XL:     9   Next: 53%
Magic:  9/9        EV: 15    Int: 16    God:    Cheibriados [**....]
Gold:   324        SH:  0    Dex: 20    Spells: 8/8 levels left

rFire   . .          .
                       - Unarmed
rCold   . . .        (shield currently unavailable)
rNeg    . . .        r - melded +2 leather armour {rF+}
rPois   +            (no helmet)
rElec   .            c - +1 cloak
rCorr   .            (no gloves)
SInv    +            (no barding)
Will    +....        (no amulet)
Stlth   ++           (no ring)
HPRegen 0.33/turn    (no ring)
MPRegen 0.11/turn

%: no passive effects
@: flux-form, glowing, very slow
A: glow, contaminating, AC +3, large, see invisible, deformed body, poison
resistance, slowness 2, spit poison 1, naga tail 1
a: Spit Poison, Begin Untransformation, Renounce Religion, Bend Time


You were on level 8 of the Dungeon.
You worshipped Cheibriados.
Cheibriados was pleased with you.
You were something dangerously unstable.
You visited 1 branch of the dungeon, and saw 8 of its levels.

You collected 324 gold pieces.

Inventory:

Hand Weapons
 a - a +2 dagger
 p - a +1 dagger of draining
Missiles
 d - 5 poisoned darts
 e - 3 curare-tipped darts
 w - 3 throwing nets
Armour
 c - a +1 cloak (worn)
 r - a +2 leather armour of fire resistance (melded)
Jewellery
 x - a ring of fire
 y - a ring of flight
Talismans
 h - a flux talisman (active)
Wands
 v - a wand of charming (2)
Scrolls
 f - 2 scrolls of enchant armour
 i - a scroll of torment
 l - a scroll of teleportation {@r3}
 s - a scroll of amnesia
 u - a scroll of brand weapon
Potions
 b - 4 potions of mutation
 g - 2 potions of ambrosia
 j - a potion of might {unknown}
 k - 4 potions of curing {@q2}
 m - 2 potions of cancellation {unknown}
 n - a potion of brilliance
 o - 3 potions of attraction {unknown}
 q - 2 potions of berserk rage {unknown}


   Skills:
 + Level 4.8 Fighting
 - Level 2.0 Short Blades
 - Level 1.7 Throwing
 + Level 3.6 Dodging
 - Level 7.0 Stealth
 * Level 5.1 Unarmed Combat
 + Level 8.3 Shapeshifting


You had 8 spell levels left.
You didn't know any spells.
Your spell library was empty.

Dungeon Overview and Level Annotations

Branches:
Dungeon (8/15)
 Temple: D:4-7         Lair: D:8-11

Altars:
Ashenzari
Cheibriados
Gozag
Kikubaaqudgha
Ru
Trog
Xom
Zin
The Shining One

Shops:
D:1 [   D:5 :   D:6 *   D:8 *

Annotations:
D:5 3 runed translucent doors, Mll's ghost, novice GrFi
D:6 1 runed translucent door, Crazy Yiuf; Jeremiah


Innate Abilities, Weirdness & Mutations

You are something dangerously unstable.
You glow with magical radiation, making you easy to see and hit.
Foes you strike become dangerously contaminated with magical radiation.
You are incapable of wielding weapons or throwing items.
Your serpentine skin is tough. (AC +3)
You have supernaturally acute eyesight. (SInv)
Armour fits poorly on your strangely shaped body.
Your system is resistant to poisons. (rPois)
You cover ground very slowly.
You can spit poison.
You have a snake-like lower body.


Message History

The orc closely misses you. The orc hits you with a +0 dagger.
The jelly misses you.
You hit the jelly.
You kill the jelly!
Cheibriados appreciates the change of pace.
The orc barely misses you. The orc hits you with a +0 whip.
You hit the orc.
The orc begins to glow.
The orc is severely wounded.
The orc completely misses you. The orc closely misses you.
You hit the orc but do no damage.
The orc glows dangerously bright.
The orc is severely wounded.
The orc barely misses you. The orc misses you.
You hit the orc.
You kill the orc!
Cheibriados appreciates the change of pace.
The orc closely misses you.
You hit the orc.
The orc begins to glow.
The orc is moderately wounded.
You hit the orc.
You kill the orc!
Cheibriados appreciates the change of pace.
A steam dragon comes into view.
The steam dragon breathes steam at you. The ball of steam hits you!!
* * * LOW HITPOINT WARNING * * *
You hear an angry buzzing noise.
Things that are here:
a +0 whip; 8 stones You're standing in a cloud of steam!
Unknown command.
The steam dragon breathes steam at you. The ball of steam hits you!
* * * LOW HITPOINT WARNING * * *
You hear an angry buzzing noise. x2
You are engulfed in a cloud of scalding steam.
* * * LOW HITPOINT WARNING * * *
The steam dragon breathes steam at you. The ball of steam hits you.
You die...
Cheibriados appreciates the motionlessness of death.

..# .#.# #.## ...#
####..#############....
.......................
#####.########.......
#..## ##.#..#### ##..#
#........# ##.##
#..#)###.#
#..####..#p§.#.#
##..##...#.#§#.#
##.##.#.#.#)D.##
#..#.#.#.##...#
##.>.#.#..?.).+
##.##.####.))#
#.#...............
#.#..####......... #.#
.. #.[.......


There were no monsters in sight!

Vanquished Creatures
  Prince Ribbit (D:7)
  A water moccasin (D:5)
  An orc warrior (D:7)
  A sky beast (D:7)
  2 ogres
  A centaur (D:5)
  4 bullfrogs
  A scorpion (D:4)
  6 wights (D:8)
  2 vampire bats (D:6)
  5 howler monkeys
  A jelly (D:8)
  5 hounds
  2 gnoll boudas
  3 orc priests
  An iguana (D:5)
  2 orc wizards
  11 gnolls
  7 adders
  A shadow imp (D:7)
  2 ufetubi (D:7)
  A dart slug (D:1)
  A ribbon worm (D:2)
  28 orcs
  11 ball pythons
  7 bats
  4 bat skeletons (D:6)
  2 bat zombies (D:6)
  5 endoplasms
  7 giant cockroaches
  17 goblins
  9 hobgoblins
  2 jackals (D:2)
  8 kobolds
  4 quokkas
  5 frilled lizards
  11 rats
182 creatures vanquished.

Vanquished Creatures (collateral kills)
  2 wights (D:8)
  2 gnolls (D:7)
4 creatures vanquished.

Vanquished Creatures (others)
  A black bear (D:7)
1 creature vanquished.

Grand Total: 187 creatures vanquished

Notes
Turn   | Place    | Note
-------+----------+-------------------------------------------
     0 | D:1      | Omnath the Naga Brigand began the quest for the Orb.
     0 | D:1      | Reached XP level 1. HP: 19/19 MP: 1/1
    60 | D:1      | Reached skill level 1 in Dodging
   164 | D:1      | Reached XP level 2. HP: 26/26 MP: 2/2
   332 | D:1      | Reached XP level 3. HP: 22/33 MP: 3/3
   599 | D:1      | Found Tabyi's Armour Shop.
  1087 | D:2      | Reached XP level 4. HP: 17/40 MP: 4/4
  1468 | D:2      | Found a faded altar of an unknown god.
  1918 | D:3      | Found a bloodstained altar of Trog.
  2109 | D:3      | Found a sacrificial altar of Ru.
  2211 | D:3      | Reached skill level 1 in Unarmed Combat
  2211 | D:3      | Reached XP level 5. HP: 45/49 MP: 5/5
  2578 | D:3      | Found a glowing golden altar of the Shining One.
  2638 | D:3      | Reached skill level 1 in Shapeshifting
  3159 | D:4      | Reached XP level 6. HP: 26/56 MP: 6/6
  4065 | D:4      | Found a broken altar of Ashenzari.
  4075 | D:4      | Reached skill level 2 in Shapeshifting
  4262 | D:4      | Reached XP level 7. HP: 61/63 MP: 7/7
  4287 | D:5      | Entered Level 5 of the Dungeon
  4571 | D:5      | Found an opulent altar of Gozag.
  4581 | D:5      | Found a runed translucent gate.
  4581 | D:5      | Found a runed translucent gate.
  4581 | D:5      | Found an opulent altar of Gozag.
  4581 | D:5      | Found a runed translucent gate.
  4581 | D:5      | Noticed a yak
  4583 | D:5      | Noticed Mll's ghost (novice GrFi)
  4638 | D:5      | Found Ecleryange's Book Emporium.
  5069 | D:5      | Found a snail-covered altar of Cheibriados.
  5089 | D:5      | Found Gozag's Platinum Reserve.
  5112 | D:5      | Reached skill level 3 in Shapeshifting
  5112 | D:5      | Reached XP level 8. HP: 72/73 MP: 8/8
  5437 | D:6      | Found a runed translucent door.
  5438 | D:6      | Noticed Crazy Yiuf
  5474 | D:6      | Identified the +1 leather armour "Jior" {-Tele Will+++}
  5478 | D:6      | Found Zin's Purification Station.
  5478 | D:6      | Found a glowing silver altar of Zin.
  5675 | D:6      | Found an ancient bone altar of Kikubaaqudgha.
  5698 | D:6      | Reached skill level 4 in Shapeshifting
  5940 | D:5      | Became a worshipper of Cheibriados the Contemplative
  6092 | D:6      | Noticed Jeremiah
  6649 | D:7      | Reached skill level 5 in Shapeshifting
  6722 | D:7      | Noticed Prince Ribbit
  6741 | D:7      | Killed Prince Ribbit
  6742 | D:7      | Reached skill level 6 in Shapeshifting
  7158 | D:7      | Reached * piety under Cheibriados
  7345 | D:7      | Reached XP level 9. HP: 76/79 MP: 9/9
  7355 | D:7      | Reached skill level 7 in Shapeshifting
  7452 | D:7      | Found a shimmering altar of Xom.
  8104 | D:8      | Reached skill level 8 in Shapeshifting
  8316 | D:8      | Found Olemuviwe's Island Escapes.
  8482 | D:8      | Reached ** piety under Cheibriados
  8502 | D:8      | Reached skill level 5 in Unarmed Combat
  8600 | D:8      | Killed from afar by a steam dragon

Illustrated notes

Levels and vault maps discovered:
D:1:      sevenhm_arrival_forest_fort_large_4, layout_loops_ring, serial_shops,
          nicolae_shop_waterfront
D:2:      layout_rooms, shapermc_ecumenical_altar_notcrosses
D:3:      minmay_recursive_quarters, layout_loops_corners,
          mainiacjoe_overflow_catwalk, lemuel_crystal_altar,
          nicolae_ru_the_path_less_chosen, gup_sewer_entry_pipe, st_stairs_3
D:4:      corexii_shack_village, layout_rooms, lemuel_round_altar
D:5:      layout_cave_pods, nicolae_gozag_zags_fifth_avenue, lemuel_round_altar,
          serial_glass, glass_columns_c, glass_columns_c, glass_columns_b,
          glass_columns_a, glass_columns_a, glass_columns_a, feat_on_display,
          feat_on_display, ebering_ghost_gozag, kennysheep_windowed_goal
D:6:      layout_loops_ring, zin_purify, kennysheep_vampire_church,
          eat_drink_and_be_merry_uskayaw, minmay_temple_entry_mist,
          dk_noncrumbling_4, hangedman_abyss_or_decor_lesser_grid,
          uniq_crazy_yiuf_cottage, uniq_jeremiah
D:7:      layout_basic, mainiacjoe_overflow_alcove_4, uniq_prince_ribbit1
D:8:      layout_basic, nicolae_island_escapes

Skill      XL: |  1  2  3  4  5  6  7  8  9 |
---------------+----------------------------+-----
Dodging        | 1 2 3 |  3.6
Stealth        | 6 7 |  7.0
Fighting       | 3 4 |  4.8
Unarmed Combat | 1 2 3 4 5 |  5.1
Shapeshifting  | 1 2 3 6 8 |  8.3
Short Blades   | |  2.0
Throwing       | |  1.7

Action                     |  1- 3 |  4- 6 |  7- 9 || total
---------------------------+-------+-------+-------++-------
  Melee: Dagger            |    48 |   268 |    67 ||   383
         Punch             |     1 |    14 |     2 ||    17
         Unarmed           |       |       |   289 ||   289
  Throw: Dart              |    61 |    85 |       ||   146
Ability: Spit Poison       |     2 |    19 |    32 ||    53
  Evoke: Wand              |       |       |     7 ||     7
    Use: Scroll            |       |     7 |     8 ||    15
         Potion            |       |     1 |       ||     1
   Stab: Sleeping          |       |     2 |     2 ||     4
         Distracted        |       |     1 |       ||     1
 Armour: Robe              |    34 |   192 |    47 ||   273
         Skin              |       |    33 |    97 ||   130
         Leather armour    |       |       |    96 ||    96
  Dodge: Dodged            |    20 |   142 |   247 ||   409
   Form: Flux              |       |       |     1 ||     1

Table legend: (Time is in decaauts)
 A = Elapsed time spent in this place.
 B = Non-inter-level travel time spent in this place.
 C = Inter-level travel time spent in this place.
 D = Time resting spent in this place.
 E = Time spent auto-exploring this place.
 F = Levels seen in this place.
 G = Mean time per level.
                   A        B        C        D        E       F      G
               +--------+--------+--------+--------+--------+-----+--------+
         Total |  10926 |  10508 |    418 |   1654 |   7199 |   8 | 1365.8 |
       Dungeon |  10926 |  10508 |    418 |   1654 |   7199 |   8 | 1365.8 |
               +--------+--------+--------+--------+--------+-----+--------+

Top non-repeatable levels by time:
     D:7: 2441 daAuts
     D:3: 1980 daAuts
     D:5: 1364 daAuts
     D:1: 1330 daAuts
     D:6: 1212 daAuts
     D:4: 1067 daAuts
     D:2: 884 daAuts
     D:8: 644 daAuts
